Map: Berlingrad LE

Players

IIIIIIIIIIII - Winner!

  • Race: Terran Terran
  • League: Diamond
  • Spawn Location: 11:00

WolfieRa

  • Race: Protoss Protoss
  • League: Diamond
  • Spawn Location: 5:00

VOD

Have the link to the VOD?

Description

Time

  • Played on: June 13, 2022, 7:41 a.m.
  • Length: 19:28
Show
View Real Time Build Order
Export as new Build Order

IIIIIIIIIIII Terran - Winner!

Build Orders:  

Get SALT Encoding   

  12  0:01  SCV  
  13  0:13  SCV  
  14  0:17  Supply Depot  
  14  0:25  SCV  
  15  0:39  SCV  
  15  0:40  Barracks  
  16  0:46  Refinery  
  16  0:51  SCV  
  17  1:03  SCV  
  18  1:17  Engineering Bay  
  17  1:30  Orbital Command  
  17  1:38  Barracks Tech Lab  
  17  1:55  Command Center  
  17  1:57  Marauder  
  17  1:59  Concussive Shells  
  19  2:07  Refinery  
  19  2:19  Marauder  
  19  2:22  Supply Depot  
  21  2:27  SCV  
  22  2:39  SCV  
  23  2:44  Marauder  
  23  2:47  Factory  
  25  2:51  SCV  
  26  3:04  SCV  
  27  3:06  Marauder  
  27  3:10  Orbital Command  
  29  3:22  SCV  
  30  3:36  SCV  
  30  3:37  Cyclone  
  30  3:40  SCV  
  35  3:43  Mag-Field Accelerator  
  31  4:12  Cyclone  
  31  4:14  SCV  
  31  4:26  SCV  
  32  4:33  Factory  
  32  4:34  Command Center  
  32  4:36  Factory  
  32  4:37  SCV  
  32  4:38  SCV  
  34  4:45  Cyclone  
  37  4:49  SCV  
  37  4:50  Barracks Tech Lab  
  37  4:51  SCV  
  39  4:57  Refinery  
  39  5:00  Refinery  
  39  5:01  SCV  
  39  5:03  SCV  
  41  5:13  SCV  
  42  5:16  Barracks Tech Lab, SCV  
  42  5:17  Cyclone  
  46  5:29  Supply Depot  
  46  5:40  Engineering Bay  
  46  5:44  Armory  
  46  5:45  SCV x2  
  46  5:47  Cyclone  
  46  5:49  Cyclone  
  54  5:57  Cyclone, SCV x2  
  59  6:06  Supply Depot  
  59  6:09  Missile Turret  
  59  6:10  SCV x2  
  61  6:19  Cyclone  
  61  6:21  Infernal Pre-Igniter  
  61  6:22  SCV x2  
  61  6:23  Missile Turret  
  66  6:34  SCV x2  
  66  6:36  Cyclone  
  71  6:44  SCV  
  71  6:46  SCV  
  73  6:49  Cyclone  
  73  6:50  Supply Depot  
  73  6:52  Terran Vehicle Weapons Level 1  
  76  6:58  SCV  
  73  7:10  SCV  
  65  7:37  SCV  
  66  7:49  SCV  
  67  7:59  Cyclone  
  67  8:00  Cyclone x2  
  67  8:01  SCV  
  67  8:02  Missile Turret  
  77  8:10  Supply Depot  
  77  8:11  SCV  
  78  8:13  SCV  
  78  8:19  Factory  
  79  8:23  SCV  
  79  8:25  SCV  
  81  8:27  Sensor Tower  
  81  8:32  Cyclone  
  84  8:35  SCV  
  84  8:36  Barracks Reactor  
  84  8:37  SCV  
  84  8:38  Supply Depot  
  86  8:42  Refinery  
  86  8:45  Refinery, Missile Turret  
  86  8:48  SCV  
  87  8:49  SCV  
  87  8:54  Cyclone  
  87  8:55  Hellion  
  93  9:00  SCV  
  93  9:01  SCV  
  95  9:04  Widow Mine  
  95  9:06  Factory  
  97  9:12  SCV  
  97  9:13  SCV  
  99  9:24  SCV  
  99  9:25  SCV  
  101  9:39  Cyclone, Hellion, SCV  
  101  9:41  Widow Mine  
  101  9:42  Hellion  
  99  9:51  SCV  
  89  9:56  Hellion  
  91  10:00  SCV  
  91  10:01  Widow Mine  
  91  10:03  Cyclone, Missile Turret  
  91  10:04  Hellion  
  99  10:11  Widow Mine  
  101  10:18  Terran Vehicle Weapons Level 2  
  101  10:20  Widow Mine, SCV  
  104  10:25  Cyclone  
  107  10:29  Ghost Academy  
  107  10:32  SCV  
  107  10:34  Factory  
  107  10:35  Drilling Claws  
  108  10:42  Cyclone, Widow Mine, Hellion  
  115  10:43  Hellion  
  117  10:53  Missile Turret  
  117  10:57  Supply Depot  
  117  10:59  Supply Depot  
  117  11:17  Supply Depot  
  120  11:18  Cyclone, Hellion, SCV x2  
  124  11:30  SCV  
  112  11:42  SCV  
  111  11:54  SCV  
  112  12:04  Factory Reactor x2  
  112  12:05  Cyclone x2, Hellion x2  
  112  12:07  SCV  
  123  12:20  Command Center  
  123  12:25  SCV  
  123  12:27  Hellion x2  
  123  12:28  Cyclone  
  123  12:29  Ghost Academy, Smart Servos  
  131  12:37  Cyclone x2  
  137  12:48  Widow Mine, Hellion  
  125  13:02  Widow Mine, Hellion  
  125  13:04  Starport, Terran Vehicle Weapons Level 3  
  129  13:09  Cyclone  
  131  13:12  Planetary Fortress  
  127  13:28  Cyclone x2, Widow Mine, Hellion  
  127  13:29  Widow Mine, Hellion  
  141  13:35  Missile Turret  
  141  13:50  Command Center  
  141  13:56  Cyclone, Widow Mine, Hellion  
  141  13:57  Widow Mine, Hellion x3  
  141  13:59  Missile Turret  
  141  14:00  Cyclone x2  
  141  14:01  Refinery  
  162  14:03  Refinery  
  157  14:19  Hellion  
  153  14:28  Cyclone  
  153  14:29  Missile Turret  
  134  14:52  Cyclone x2, Widow Mine, Hellion  
  142  14:53  Hellion x4  
  146  15:00  Cyclone  
  149  15:14  Hellion x3  
  154  15:24  Cyclone x2  
  146  15:33  Cyclone  
  135  15:41  Terran Vehicle And Ship Armor Level 1  
  129  15:43  Planetary Fortress  
  139  15:50  Starport Tech Lab, Widow Mine x2, Hellion x4  
  139  15:52  Barracks Tech Lab  
  139  15:53  Fusion Core  
  139  15:54  Enhanced Shockwaves  
  139  15:55  Personal Cloaking  
  139  15:56  Cyclone x2  
  147  16:05  Cyclone  
  145  16:11  Hellion  
  137  16:28  Cyclone x2  
  137  16:30  Command Center  
  143  16:37  Cyclone  
  109  17:07  Missile Turret  
  108  17:12  Refinery  
  108  17:14  Refinery  
  102  17:16  Cyclone  
  102  17:17  Cyclone, Widow Mine x3, Hellion x3  
  87  18:00  Missile Turret  
  87  18:05  Cyclone x2, Widow Mine, Hellion x2  
  101  18:06  Hellion  
  84  18:48  Missile Turret  
  81  18:50  Planetary Fortress  
  81  18:54  Refinery  
Show
View Real Time Build Order
Export as new Build Order

WolfieRa Protoss 

Build Orders:  

Get SALT Encoding   

  12  0:00  Probe  
  13  0:12  Probe  
  14  0:19  Pylon  
  14  0:24  Probe  
  15  0:37  Probe (Chrono Boost)  
  15  0:40  Gateway  
  16  0:49  Probe (Chrono Boost)  
  17  0:54  Probe (Chrono Boost)  
  18  1:14  Probe  
  18  1:17  Assimilator  
  17  1:28  Zealot (Chrono Boost), Cybernetics Core  
  17  1:31  Probe  
  20  1:35  Assimilator  
  20  1:43  Probe  
  21  1:49  Pylon  
  21  1:56  Probe  
  22  2:04  Adept (Chrono Boost)  
  24  2:15  Nexus  
  24  2:18  Probe  
  25  2:23  Warp Gate  
  25  2:31  Probe  
  26  2:38  Robotics Facility  
  26  2:43  Probe  
  27  2:51  Pylon  
  27  2:57  Stalker  
  29  3:14  Shield Battery  
  29  3:17  Shield Battery  
  29  3:18  Pylon  
  27  3:35  Immortal (Chrono Boost)  
  31  4:14  Stalker  
  31  4:23  Probe  
  32  4:24  Probe, Immortal (Chrono Boost)  
  37  4:34  Gateway x2  
  37  4:35  Probe (Chrono Boost)  
  37  4:37  Stalker  
  40  4:39  Probe (Chrono Boost)  
  41  4:47  Probe (Chrono Boost)  
  41  4:51  Probe (Chrono Boost)  
  43  4:55  Probe (Chrono Boost)  
  43  4:56  Warp Prism, Probe (Chrono Boost)  
  47  5:00  Sentry  
  47  5:02  Probe  
  50  5:07  Probe  
  51  5:14  Probe  
  51  5:18  Pylon  
  51  5:19  Probe  
  53  5:27  Probe  
  54  5:32  Probe  
  55  5:38  Observer (Chrono Boost)  
  55  5:39  Probe  
  55  5:41  Stalker x3  
  63  5:47  Probe  
  64  5:50  Assimilator  
  64  5:51  Probe  
  64  5:55  Assimilator  
  64  5:56  Immortal  
  69  6:00  Twilight Council  
  69  6:11  Probe  
  69  6:14  Pylon  
  70  6:27  Pylon  
  70  6:32  Probe  
  71  6:36  Stalker x2  
  71  6:39  Stalker  
  77  6:48  Nexus  
  77  6:50  Pylon  
  59  7:29  Stalker x3  
  55  7:31  Probe x2  
  55  7:40  Gateway  
  55  7:41  Gateway  
  55  7:44  Pylon  
  55  7:46  Immortal (Chrono Boost)  
  55  7:47  Forge x2  
  59  7:53  Stalker x2  
  59  7:54  Stalker  
  59  7:55  Blink (Chrono Boost)  
  65  8:05  Robotics Bay, Probe x2  
  67  8:15  Shield Battery  
  67  8:16  Probe (Chrono Boost)  
  67  8:17  Shield Battery  
  67  8:18  Probe x2 (Chrono Boost)  
  70  8:20  Protoss Ground Weapons Level 1, Protoss Ground Armor Level 1  
  70  8:29  Probe x2 (Chrono Boost)  
  70  8:31  Probe  
  73  8:35  Immortal (Chrono Boost)  
  73  8:39  Photon Cannon  
  77  8:44  Photon Cannon  
  77  8:45  Probe  
  78  8:58  Pylon  
  78  9:00  Probe x3  
  78  9:02  Robotics Facility  
  81  9:07  Sentry  
  81  9:08  Sentry  
  85  9:12  Probe x2  
  87  9:26  Disruptor (Chrono Boost), Cybernetics Core  
  82  10:04  Stalker x3  
  82  10:05  Stalker x2  
  82  10:06  Disruptor x2 (Chrono Boost)  
  92  10:09  Nexus  
  92  10:12  Pylon  
  98  10:23  Probe  
  98  10:24  Probe  
  98  10:27  Dark Shrine  
  100  10:31  Nexus  
  100  10:33  Stalker  
  100  10:34  Stalker x2  
  100  10:35  Disruptor (Chrono Boost), Pylon  
  106  10:36  Probe  
  106  10:39  Disruptor (Chrono Boost)  
  110  10:45  Probe  
  114  10:50  Probe  
  114  10:53  Protoss Ground Armor Level 2 (Chrono Boost)  
  115  11:00  Probe  
  115  11:02  Protoss Ground Weapons Level 2 (Chrono Boost)  
  116  11:06  Zealot  
  116  11:07  Zealot  
  120  11:11  Disruptor  
  111  11:49  Stalker x4  
  111  11:50  Stalker  
  119  11:59  Disruptor  
  119  12:00  Disruptor  
  125  12:04  Probe x4  
  129  12:10  Gateway  
  129  12:14  Zealot, Gateway  
  129  12:15  Zealot x4  
  139  12:16  Probe  
  139  12:18  Gateway  
  139  12:20  Gateway  
  139  12:22  Gateway  
  130  13:00  Stalker  
  131  13:25  Nexus  
  131  13:32  Stalker x2  
  133  13:36  Assimilator  
  133  13:38  Assimilator  
  133  13:40  Protoss Ground Weapons Level 3 (Chrono Boost), Protoss Ground Armor Level 3 (Chrono Boost)  
  133  13:42  Pylon  
  133  13:43  Charge (Chrono Boost)  
  133  13:51  Pylon  
  133  14:00  Disruptor x2  
  139  14:14  Stalker x4  
  139  14:15  Stalker  
  143  14:23  Stalker x3  
  143  14:24  Stalker  
  128  14:39  Zealot x3  
  128  14:40  Zealot x3  
  137  14:52  Stalker x4  
  145  15:00  Stalker x2  
  149  15:08  Disruptor  
  149  15:09  Disruptor  
  93  15:45  Stalker x7  
  93  15:46  Stalker x3  
  113  15:52  Disruptor x2 (Chrono Boost)  
  119  16:05  Nexus  
  103  16:32  Zealot x2  
  103  16:33  Zealot x8  
  110  16:54  Zealot x6  
  113  17:07  Photon Cannon  
  69  17:48  Zealot x5  
  69  17:50  Sentry x2  
  50  18:15  Zealot x5  
  50  18:18  Sentry x2  
  56  18:27  Sentry x2  
  53  19:07  Dark Templar  
Tags
 
Add a new tag
Caveats
  • Supply blocks, unpowered buildings, or Contaminate may cause inaccurate times.
  • Supply counts are checked every 10 seconds.